 Dungeon Crawl Stone Soup version 0.28-a0-1002-gf00fe891ef (webtiles) character file.

Game seed: 4990196060843635284

496 miscthings the Charlatan (level 7, -3/35 HPs)
             Began as a Vine Stalker Artificer on Dec 6, 2021.
             Was a Follower of Okawaru.
             Slain by an ogre (12 damage)
             ... on level 4 of the Dungeon.
             The game lasted 00:05:43 (2802 turns).

miscthings the Charlatan (Vine Stalker Artificer)   Turns: 2802, Time: 00:05:43

Health: -3/35      AC:  7    Str: 16    XL:     7   Next: 15%
Magic:  0/8        EV:  9    Int: 11    God:    Okawaru [*.....]
Gold:   288        SH:  6    Dex: 15    Spells: 6/6 levels left

rFire   . . .      SeeInvis .   A - +1 falchion (vamp)
rCold   + . .      Faith    .   b - +2 buckler
rNeg    + . .      Spirit   +   w - +0 scale mail
rPois   .          Reflect  .   (no helmet)
rElec   .          Harm     .   (no cloak)
rCorr   .          Rampage  .   (no gloves)
Will    .....                   p - +0 pair of boots
Stlth   ..........              o - amulet of regeneration
HPRegen 1.71/turn               a - ring of protection from cold
MPRegen 0.11/turn               y - ring of positive energy

@: no status effects
A: fangs 2, regeneration 1, magic shield, antimagic bite, no potion heal 2
a: Renounce Religion, Heroism


You were on level 4 of the Dungeon.
You worshipped Okawaru.
Okawaru was aware of your devotion.
You visited 1 branch of the dungeon, and saw 4 of its levels.

You collected 288 gold pieces.

Inventory:

Hand Weapons
 A - a +1 vampiric falchion (weapon)
Missiles
 q - a throwing net
Armour
 b - a +2 buckler (worn)
 p - a +0 pair of boots (worn)
 w - a +0 scale mail (worn)
Magical Staves
 x - a staff of death
Jewellery
 a - a ring of protection from cold (left hand)
 j - a ring of flight
 o - an amulet of regeneration (around neck)
 y - a ring of positive energy (right hand)
Wands
 c - a wand of flame (11) (quivered)
 d - a wand of charming (15)
 u - a wand of iceblast (4)
Scrolls
 f - a scroll of silence {unknown}
 h - 4 scrolls of identify {unknown}
 k - a scroll of acquirement {unknown}
 n - 3 scrolls of magic mapping {unknown}
 s - a scroll of enchant armour {unknown}
 t - 2 scrolls of enchant weapon {unknown}
Potions
 i - 2 potions of heal wounds
 l - 2 potions of attraction {unknown}
 m - a potion of brilliance {unknown}
 r - a potion of haste {unknown}
 v - a potion of lignification {unknown}
 z - a potion of flight {unknown}
Miscellaneous
 e - a piece from Xom's chessboard (15/15)


   Skills:
 - Level 2.6 Fighting
 + Level 1.6 Long Blades
 - Level 1.8 Armour
 - Level 1.1 Dodging
 - Level 1.2 Stealth
 + Level 2.2 Shields
 - Level 5.6 Evocations


You had 6 spell levels left.
You didn't know any spells.
Your spell library contained the following spells:

 Spells                   Type           Power      Damage    Failure   Level
 Ignite Poison            Fire/Tmut/Pois 0%         N/A       99%         3
 Mephitic Cloud           Conj/Pois/Air  0%         N/A       99%         3
 Freezing Cloud           Conj/Ice/Air   0%         6-21      100%        5


Dungeon Overview and Level Annotations

Branches:
Dungeon (4/15)
 Temple: D:4-7

Altars:
Okawaru

Shops:
D:4 :


Innate Abilities, Weirdness & Mutations

You have extremely sharp teeth.
Your natural rate of healing is unusually fast.
When hurt, damage is shared between your health and your magic reserves.
Your bite disrupts and absorbs the magic of your enemies.
Potions cannot restore your health.


Message History

There is an open door here.
You open the door.
Magic restored.
There is an open door here.
t - 2 scrolls labelled ROASYV NIAXA (gained 1)
Found a robe. 2 orcs and an ogre come into view.
The ogre shouts!
The orc shouts! x2
There are monsters nearby!
An orc comes into view. It is wielding a +0 whip.
The orc shouts!
You hit the orc. You bite the orc, but do no damage.
The orc is moderately wounded.
The orc hits you with a +0 whip. The orc barely misses you.
The orc closely misses you.
You closely miss the orc. You bite the orc. You drain its power.
The orc is heavily wounded.
The orc closely misses you.
You hit the orc but do no damage. You bite the orc. You drain its power.
The orc is heavily wounded.
The orc hits you with a +0 whip.
You hit the orc but do no damage.
The orc is heavily wounded.
The orc hits you but does no damage.
You closely miss the orc. The orc hits you with a +0 whip.
You slash the orc!
You kill the orc!
Okawaru accepts your kill.
You hit the orc. You bite the orc. You drain its power.
The orc is severely wounded.
The orc hits you with a +0 mace. The orc hits you but does no damage.
You hit the orc.
You kill the orc!
Okawaru accepts your kill.
The ogre hits you with a +0 giant club!!
Ouch! That really hurt!
* * * LOW HITPOINT WARNING * * *
You hit the ogre. You bite the ogre, but do no damage.
The ogre is lightly wounded.
The ogre hits you with a +0 giant club!
You die...

#.# #..##.# # #.# ##.##.# ##
#.# #.##.# ##. # ##
#.####.##.# ##..
##.#.######.........# ##...
#...........####....####....
........o..o...........'....
...[....###O#####....###....
.....##.# #@# ##.#.# ##...
###. #.# #.# ###.# ##.. #
#o# #.# #.# ##. ... ..# #.#
## #.# ### #.# # #.# #.#####
# #.# #...".### ##.......
#.##.#..


You could see an ogre and an orc.

Vanquished Creatures
  Eustachio (D:4)
  A black bear (D:3)
  A bullfrog (D:4)
  Ijyb (D:3)
  An orc wizard (D:3)
  3 gnolls (D:3)
  4 adders
  4 worms
  A dart slug (D:4)
  14 orcs
  3 ball pythons
  5 endoplasms
  2 giant cockroaches
  2 hobgoblins
  4 jackals (D:2)
  4 quokkas
  5 bats
  3 frilled lizards
  5 goblins
  4 kobolds
  6 rats
74 creatures vanquished.

Notes
Turn   | Place    | Note
-------+----------+-------------------------------------------
     0 | D:1      | miscthings the Vine Stalker Artificer began the quest for
                  | the Orb.
     0 | D:1      | Reached XP level 1. HP: 9/9 MP: 2/2
    70 | D:1      | Reached skill level 3 in Evocations
   115 | D:1      | Reached XP level 2. HP: 14/14 MP: 3/3
   458 | D:1      | Reached skill level 1 in Fighting
   798 | D:1      | Found a faded altar of an unknown god.
   863 | D:2      | Reached XP level 3. HP: 18/18 MP: 4/4
  1026 | D:2      | Reached skill level 4 in Evocations
  1208 | D:2      | Gained mutation: Your natural rate of healing is unusually
                  | fast. [Vine Stalker growth]
  1208 | D:2      | Reached XP level 4. HP: 21/22 MP: 3/5
  1423 | D:3      | Noticed a black bear
  1468 | D:3      | Killed a black bear
  1469 | D:3      | Reached skill level 5 in Evocations
  1469 | D:3      | Reached XP level 5. HP: 26/26 MP: 4/6
  1645 | D:3      | Noticed Ijyb
  1657 | D:3      | Killed Ijyb
  1658 | D:3      | Reached XP level 6. HP: 32/32 MP: 7/7
  1662 | D:3      | Found an iron altar of Okawaru.
  1679 | D:3      | Became a worshipper of Warmaster Okawaru
  2475 | D:4      | Reached skill level 1 in Dodging
  2475 | D:4      | Reached skill level 1 in Shields
  2532 | D:4      | Found Jatak's Book Shoppe.
  2694 | D:4      | Noticed Eustachio
  2718 | D:4      | Killed Eustachio
  2718 | D:4      | Reached * piety under Okawaru
  2719 | D:4      | Reached skill level 1 in Long Blades
  2719 | D:4      | Reached XP level 7. HP: 30/35 MP: 2/8
  2802 | D:4      | Slain by an ogre

Illustrated notes

Levels and vault maps discovered:
D:1:      moated_graveyard_arrival, layout_basic,
          chequers_ecumenical_altar_lobes
D:2:      layout_rooms
D:3:      layout_basic, mainiacjoe_overflow_concentric_impassable, uniq_ijyb
D:4:      cheibrodos_helix_gallery, layout_loops_corners, temple_doors_cd,
          serial_shops, shop_coins, corexii_item_surrounded_by_moat,
          uniq_grinder, uniq_eustachio

Skill      XL: |  1  2  3  4  5  6 |
---------------+-------------------+-----
Evocations     | 3 4 5 |  5.6
Fighting       | 1 2 |  2.6
Dodging        | 1 |  1.1
Shields        | 2 |  2.2
Long Blades    | 1 |  1.6
Armour         | |  1.8
Stealth        | |  1.2

Action                   |  1- 3 |  4- 6 |  7- 9 || total
-------------------------+-------+-------+-------++-------
Melee: Dagger            |   132 |   236 |       ||   368
       Bite              |    38 |    90 |     5 ||   133
       Club              |     3 |       |       ||     3
       Falchion          |       |    22 |     9 ||    31
Evoke: Wand              |     3 |     1 |       ||     4
       Piece from Xom's  |       |     8 |       ||     8
 Stab: Sleeping          |     3 |     1 |       ||     4
       Paralysed         |       |     5 |       ||     5
Armor: Leather armour    |    39 |    21 |       ||    60
       Scale mail        |       |    53 |     2 ||    55
Dodge: Dodged            |    87 |   118 |     3 ||   208
Block: Buckler           |       |    32 |       ||    32

Table legend: (Time is in decaauts)
 A = Elapsed time spent in this place.
 B = Non-inter-level travel time spent in this place.
 C = Inter-level travel time spent in this place.
 D = Time resting spent in this place.
 E = Time spent auto-exploring this place.
 F = Levels seen in this place.
 G = Mean time per level.
                   A        B        C        D        E       F      G
               +--------+--------+--------+--------+--------+-----+--------+
         Total |   2816 |   2718 |     98 |    292 |   1525 |   4 |  704.0 |
       Dungeon |   2816 |   2718 |     98 |    292 |   1525 |   4 |  704.0 |
               +--------+--------+--------+--------+--------+-----+--------+

Top non-repeatable levels by time:
     D:3: 1083 daAuts
     D:1: 859 daAuts
     D:2: 514 daAuts
     D:4: 358 daAuts
